 Dungeon Crawl Stone Soup version 0.22-a0-443-g17c3723 (webtiles) character file.

175 LewisDoom the Conjurer (level 5, -7/38 HPs)
             Began as a Draconian Conjurer on June 1, 2018.
             Mangled by galech's ghost (16 damage)
             ... on level 3 of the Dungeon.
             The game lasted 00:48:40 (4997 turns).

LewisDoom the Conjurer (Draconian Conjurer)         Turns: 4997, Time: 00:48:41

Health: -7/38      AC:  6    Str:  7 (10) XL:     5   Next: 29%
Magic:  3/10       EV: 12    Int: 14 (17) God:
Gold:   112        SH:  0    Dex: 10 (11) Spells: 8/11 levels left

rFire    . . .     SeeInvis .   k - +1 spear
rCold    . . .     Gourm    .   (no shield)
rNeg     . . .     Faith    .   (armour unavailable)
rPois    .         Spirit   .   (helmet restricted)
rElec    .         Reflect  .   (no cloak)
rCorr    .         Harm     .   f - +0 pair of gloves
MR       +....                  (no boots)
Stlth    ++........             (no amulet)
HPRegen  0.12/turn              x - ring of protection from magic
MPRegen  0.12/turn              (no ring)

@: no status effects
A: unfitting armour, cold-blooded, AC +5
a: no special abilities


You were on level 3 of the Dungeon.
You were hungry.

You visited 1 branch of the dungeon, and saw 3 of its levels.

You collected 112 gold pieces.

Inventory:

Hand Weapons
 c - a +0 club
 h - a cursed -3 whip
 k - a +1 spear (weapon)
 v - a +0 hunting sling
Missiles
 g - 47 bolts
 i - 25 arrows
 j - 32 sling bullets
 m - 128 stones (quivered) {die}
Armour
 f - a +0 pair of gloves (worn)
Jewellery
 x - a ring of protection from magic (left hand)
Scrolls
 e - a scroll of immolation
 q - 2 scrolls of enchant weapon
 w - 2 scrolls of identify
Comestibles
 b - 4 rations


   Skills:
 + Level 2.7 Dodging
 - Level 1.7 Stealth
 * Level 3.5 Spellcasting
 * Level 5.2 Conjurations


You had 8 spell levels left.
You knew the following spells:

 Your Spells              Type           Power        Failure   Level  Hunger
a - Magic Dart            Conj           ###.         2%          1    #......
b - Searing Ray           Conj           ###...       3%          2    ##.....

Your spell library contained the following spells:

 Spells                   Type           Power        Failure   Level  Hunger
 Iskenderun's Mystic Bla  Conj           ###.....     24%         4    #####..
 Fulminant Prism          Conj/Hex       #.........   56%         4    #####..
 Dazzling Spray           Conj/Hex       #.....       21%         3    ###....
 Force Lance              Conj/Tloc      #.......     56%         4    #####..


Dungeon Overview and Level Annotations

Branches:
Dungeon (3/15)

Altars:
Fedhas
Trog

Annotations:
D:3 galech's ghost, amateur OgBe


Innate Abilities, Weirdness & Mutations

Your plain brown scales are hard. (AC +5)
You cannot fit into any form of body armour.
You are cold-blooded and may be slowed by cold attacks.


Message History

Galech's ghost hits you.
* * * LOW HITPOINT WARNING * * *
x2
Casting: Searing Ray (safe; 3% risk of failure)
Confirm with . or Enter, or press ? or * to list all spells.
You don't know that spell.
Casting: Searing Ray (safe; 3% risk of failure)
Confirm with . or Enter, or press ? or * to list all spells.
You don't know that spell.
Casting: Searing Ray (safe; 3% risk of failure)
Confirm with . or Enter, or press ? or * to list all spells.
Aiming: Searing Ray (safe; 3% risk of failure)
Press: ? - help, Shift-Dir - straight line, f/p - galech's ghost
Aim: galech's ghost, wielding a vorpal weapon (moderately damaged)
The searing ray hits galech's ghost.
Galech's ghost is moderately damaged. (Press . to maintain the ray.) Galech's ghost screams, "Don't try to defend!
You have no chance!"
Galech's ghost misses you.
The searing ray misses galech's ghost.
Galech's ghost hits you!
You die...

##.####.#....♣♣.P.....P.......#..
#.# #.P.♣P......♣P§.####.......
#.# #♣.P♣P♣P.....§♣♣####.######
#.# ♣♣P♣♣.♣♣)♣♣§♣§♣§....# #
##.####♣♣♣♣♣♣♣.....♣♣§###### #
.......♣♣.......♣♣P.§§§# #
#..#####♣♣P...♣♣...P.♣♣# # #.##
##.....♣..PW...♣,***** # #.#
##...♣♣♣♣..@♣♣♣♣♣,,,,,** # #.#
#...♣♣..♣...♣*,,,,,,,,,* # #.#
##.♣.♣♣.P.♣.♣♣*,,*,,**,,* *
#.###..#♣♣P.##....#*,*,,**,,* *
.......##.#.###.#.#,*,,,**,,* *
#..###.####.# #####**,*,**,,*
..#.##.####.####*,,,,,*,**,,*****
.###...........##.*****,**,,,,,,,
## ##.....<.......#****,**,******


You could see galech's ghost.

Vanquished Creatures
  An orc wizard (D:3)
  A worker ant (D:3)
  4 adders
  4 worms
  4 dart slugs
  A leopard gecko (D:2)
  2 orcs (D:3)
  5 bats
  5 giant cockroaches
  6 hobgoblins
  2 jackals (D:3)
  4 kobolds
  4 quokkas (D:3)
  5 frilled lizards
  13 goblins
  9 rats
70 creatures vanquished.

Vanquished Creatures (others)
  2 plants (D:3)
2 creatures vanquished.

Grand Total: 72 creatures vanquished

Notes
Turn   | Place    | Note
-------+----------+-------------------------------------------
     0 | D:1      | LewisDoom the Draconian Conjurer began the quest for the Orb.
     0 | D:1      | Reached XP level 1. HP: 14/14 MP: 3/3
   790 | D:1      | Reached XP level 2. HP: 20/20 MP: 1/5
  1550 | D:2      | Reached XP level 3. HP: 26/26 MP: 0/6
  2103 | D:2      | Found a blossoming altar of Fedhas.
  2445 | D:2      | Noticed a moth of wrath
  2448 | D:2      | Found a bloodstained altar of Trog.
  2488 | D:2      | Reached XP level 4. HP: 18/33 MP: 0/8
  3468 | D:3      | Noticed galech's ghost (amateur OgBe)
  3981 | D:3      | Reached skill level 5 in Conjurations
  4277 | D:3      | Learned a level 2 spell: Searing Ray
  4530 | D:3      | Reached XP level 5. HP: 38/38 MP: 4/10
  4997 | D:3      | Mangled by galech's ghost

Vault maps used:
D:1:      lordsloth_arrival_two_stooges
D:2:      old_standard_altar, first_ration, kennysheep_nondescript,
          nrook_mini_vaults, tgw_trog
D:3:      wad_woods_tower, uniq_crazy_yiuf_cottage

Skill      XL: |  1  2  3  4 |
---------------+-------------+-----
Dodging        | 2 |  2.7
Spellcasting   | 3 |  3.5
Conjurations   | 5 |  5.2
Stealth        | |  1.7

Action                   |  1- 3 |  4- 6 || total
-------------------------+-------+-------++-------
Melee: Unarmed           |    14 |       ||    14
       Tailslap          |     2 |     6 ||     8
       Spear             |     2 |    42 ||    44
 Cast: Magic Dart        |    92 |    73 ||   165
       Searing Ray       |       |    14 ||    14
  Use: Scroll            |       |     9 ||     9
       Potion            |       |     6 ||     6
  Eat: Chunk             |     6 |     4 ||    10
       Ration            |       |     1 ||     1
Armor: Skin              |     5 |    36 ||    41
Dodge: Dodged            |    20 |    31 ||    51

Table legend:
 A = Spawn XP
 B = Non-spawn XP
 C = Spawn XP percentage of total XP
 D = Spawn monster count
 E = Non-spawn monster count
 F = Spawn count percentage of total count
 G = Total turns spent on level
                    A         B        C        D         E        F      G
               +---------+---------+-------+---------+---------+-------+---------
         Total |       0 |     251 |   0.0 |       0 |      70 |   0.0 |  4997
               +---------+---------+-------+---------+---------+-------+---------
           D:1 |       0 |      39 |   0.0 |       0 |      20 |   0.0 |  1480
           D:2 |       0 |      92 |   0.0 |       0 |      28 |   0.0 |  2124
           D:3 |       0 |     120 |   0.0 |       0 |      22 |   0.0 |  1393
               +---------+---------+-------+---------+---------+-------+---------
